 Dungeon Crawl Stone Soup version 0.19.1 (webtiles) character file.

95 Malachi the Chopper (level 4, -3/35 HPs)
             Began as a Demonspawn Berserker on Dec 14, 2016.
             Was a Believer of Trog.
             Slain by Ijyb
             ... wielding a +0 dagger of electrocution
              (11 damage)
             ... on level 2 of the Dungeon.
             The game lasted 00:02:10 (1413 turns).

Malachi the Chopper (Demonspawn Berserker)          Turns: 1413, Time: 00:02:11

Health: -3/35      AC:  8    Str: 19    XL:     4   Next: 39%
Magic:  4/4        EV:  8    Int:  8    God:    Trog [**....]
Gold:   61         SH:  0    Dex: 12    Spells: 0 memorised, 3 levels left

rFire  . . .     SeeInvis .     a - +0 hand axe
rCold  . . .     Gourm    .     l - +0 chain mail
rNeg   . . .     Faith    .     (no shield)
rPois  .         Spirit   .     (no helmet)
rElec  .         Reflect  .     (no cloak)
rCorr  .         Harm     .     (no gloves)
MR     .....                    (no boots)
Stlth  ..........               (no amulet)
                                (no ring)
                                (no ring)

@: no status effects
A: talons 1, demonic guardian 1
a: Berserk, Trog's Hand, Burn Spellbooks, Renounce Religion


You were on level 2 of the Dungeon.
You worshipped Trog.
Trog was pleased with you.
You were hungry.

You visited 1 branch of the dungeon, and saw 2 of its levels.

You collected 61 gold pieces.

Inventory:

Hand Weapons
 a - a +0 hand axe (weapon)
Armour
 l - a +0 chain mail (worn)
Scrolls
 d - a scroll of immolation
 e - 3 scrolls of teleportation
 i - 2 scrolls of enchant armour {unknown}
Potions
 b - a potion of flight {unknown}
 f - a potion of cancellation {unknown}
 g - a potion of agility {unknown}
 h - 2 potions of curing {unknown}
 j - 2 potions of mutation {unknown}
Comestibles
 c - 4 bread rations


   Skills:
 + Level 3.5 Fighting
 + Level 3.7 Axes
 + Level 2.5 Armour
 + Level 2.1 Dodging
 + Level 0.2 Stealth


You had 3 spell levels left.
You didn't know any spells.

Dungeon Overview and Level Annotations

Branches:
Dungeon (2/15)

Altars:

Annotations:
D:2 Ijyb


Innate Abilities, Weirdness & Mutations

You have sharp toenails.
A weak demonic guardian rushes to your aid.


Message History

Ijyb is moderately wounded.
Ijyb barely misses you.
Your white imp misses Ijyb.
You closely miss Ijyb.
Ijyb is moderately wounded.
Ijyb hits you but does no damage.
Your white imp gestures at Ijyb.
The puff of frost hits Ijyb.
You hit Ijyb. Your kick misses Ijyb.
Ijyb is severely wounded.
Ijyb hits you but does no damage.
Your white imp barely misses Ijyb.
You barely miss Ijyb.
Ijyb is severely wounded.
Ijyb screams, "I no like you!" Ijyb hits you but does no damage.
You are electrocuted!
Ouch! That really hurt!
* * * LOW HITPOINT WARNING * * *
Your white imp closely misses Ijyb.
Your white imp misses Ijyb.
Ijyb hits you but does no damage.
You are electrocuted!
You die...

........... ##.
.###....##. ######..
#..#####. #.......
.... ## #......#
.... # #......# ....
# #......## #
#.......## #
#.....g@>### #
#.....5#...#
#......###.####
######.# #....#### #
... ####....#######
........###........
#...###'#...........
#.### #.############
.


You could see Ijyb and a friendly white imp.

Vanquished Creatures
  Natasha (D:2)
  2 adders (D:2)
  An ooze (D:1)
  A worm (D:2)
  2 leopard geckos (D:1)
  4 bats
  3 giant cockroaches (D:1)
  4 goblins (D:1)
  2 hobgoblins (D:1)
  2 jackals (D:2)
  A quokka (D:2)
  A ball python (D:2)
  2 frilled lizards
  3 kobolds
  7 rats
36 creatures vanquished.

Vanquished Creatures (collateral kills)
  Natasha (D:2)
  A jackal (D:2)
2 creatures vanquished.

Grand Total: 38 creatures vanquished

Notes
Turn   | Place    | Note
-------+----------+-------------------------------------------
     0 | D:1      | Malachi the Demonspawn Berserker began the quest for the Orb.
     0 | D:1      | Reached XP level 1. HP: 18/18 MP: 1/1
    85 | D:1      | Gained mutation: A weak demonic guardian rushes to your aid. [demonic ancestry]
    85 | D:1      | Reached XP level 2. HP: 17/24 MP: 2/2
   716 | D:1      | Reached XP level 3. HP: 26/29 MP: 3/3
   858 | D:2      | Reached ** piety under Trog
   900 | D:2      | Noticed Natasha
   903 | D:2      | Killed Natasha
  1194 | D:2      | Noticed Natasha
  1200 | D:2      | Killed Natasha
  1200 | D:2      | Gained mutation: You have sharp toenails. [demonic ancestry]
  1200 | D:2      | Reached XP level 4. HP: 19/35 MP: 4/4
  1404 | D:2      | Noticed Ijyb
  1413 | D:2      | Slain by Ijyb

Skill      XL: |  1  2 |
---------------+-------+-----
Axes           | 3 |  3.7
Armour         | 2 |  2.5
Dodging        | 2 |  2.1
Fighting       | |  3.5
Stealth        | |  0.2

Action                   |  1- 3 |  4- 6 || total
-------------------------+-------+-------++-------
Melee: Hand axe          |   110 |    14 ||   124
       Unarmed           |     2 |       ||     2
       Kick              |       |     1 ||     1
Invok: Berserk           |     1 |       ||     1
  Use: Scroll            |     5 |       ||     5
  Eat: Chunk             |     2 |       ||     2
Armor: Ring mail         |    20 |       ||    20
       Animal skin       |     1 |       ||     1
       Chain mail        |    32 |    12 ||    44
Dodge: Dodged            |    65 |     8 ||    73
